 Dungeon Crawl Stone Soup version 0.25-a0-589-g1e14c549ee (webtiles) character file.

Game seed: 16804480864845340457, levelgen mode: deterministic

64 Lugonue the Digger (level 4, -1/34 HPs)
             Began as a Ghoul Earth Elementalist on Mar 12, 2020.
             Was a Follower of Jiyva.
             Slain by a quokka (4 damage)
             ... on level 3 of the Dungeon.
             The game lasted 00:04:45 (1775 turns).

Lugonue the Digger (Ghoul Earth Elementalist)       Turns: 1775, Time: 00:04:49

Health: -1/34      AC:  2    Str: 11    XL:     4   Next: 12%
Magic:  4/6        EV: 12    Int: 11    God:    Jiyva [*.....]
Gold:   46         SH:  0    Dex:  9    Spells: 4/7 levels left

rFire    . . .     SeeInvis .     - Unarmed
rCold    + . .     Gourm    .   (no shield)
rNeg     + + +     Faith    .   c - +0 robe
rPois    ∞         Spirit   .   (no helmet)
rElec    .         Reflect  .   (no cloak)
rCorr    .         Harm     .   (no gloves)
MR       .....                  (no boots)
Stlth    ++........             (no amulet)
HPRegen  0.00/turn              (no ring)
MPRegen  0.10/turn              (no ring)

@: brilliant, rotting
A: rotting body, claws 1, carnivore, cold resistance 1, negative energy
resistance 3, inhibited regeneration, torment resistance, unbreathing
a: Request Jelly, Renounce Religion


You were on level 3 of the Dungeon.
You worshipped Jiyva.
Jiyva was aware of your devotion.
You were not hungry.

You visited 1 branch of the dungeon, and saw 3 of its levels.

You collected 46 gold pieces.

Inventory:

Missiles
 b - 88 stones (quivered)
Armour
 c - a +0 robe (worn)
Wands
 g - a wand of digging (2)
Scrolls
 a - 2 scrolls of enchant armour {unknown}
 f - 6 scrolls of identify {unknown}
 h - 2 scrolls of teleportation {unknown}
 i - 3 scrolls of amnesia {unknown}
Comestibles
 d - 4 rations
 k - 8 chunks of flesh


   Skills:
 * Level 0.6 Fighting
 + Level 2.0 Dodging
 + Level 2.4 Stealth
 * Level 1.6 Unarmed Combat
 * Level 2.2 Spellcasting
 + Level 0.8 Transmutations
 * Level 4.0 Earth Magic
 * Level 0.2 Evocations


You had 4 spell levels left.
You knew the following spells:

 Your Spells              Type           Power        Failure   Level  Hunger
a - Sandblast             Erth           ###...       5%          1    None
b - Passwall              Tmut/Erth      ##......     16%         2    None

Your spell library contained the following spells:

 Spells                   Type           Power        Failure   Level  Hunger
 Stone Arrow              Conj/Erth      #.....       36%         3    None
 Petrify                  Tmut/Erth      ##......     71%         4    None
 Lee's Rapid Deconstruct  Erth           ###.......   83%         5    None


Dungeon Overview and Level Annotations

Branches:
Dungeon (3/15)

Altars:
Ru
Trog
Vehumet
Xom
Jiyva

Annotations:
D:3 2 transporters, Flugslaktarn's ghost, weakling MiFi


Innate Abilities, Weirdness & Mutations

Your body is rotting away.
You thrive on raw meat.
You are immune to poison.
You have sharp fingernails.
You are carnivorous and can eat meat at any time.
Your flesh is cold resistant. (rC+)
You are immune to negative energy. (rN+++)
You do not regenerate when monsters are visible.
You are immune to unholy pain and torment.
You can survive without breathing.


Message History

The quokka is moderately wounded.
The quasit gives a chilling moan.
The quokka bites you but does no damage.
The quasit gives a chilling moan.
The quokka barely misses you. The quokka bites you.
* * * LOW HITPOINT WARNING * * *
The quokka closely misses you.
Casting: Passwall (safe; 16% risk of failure)
Confirm with . or Enter, or press ? or * to list all spells.
Aiming: Passwall (safe; 16% risk of failure)
Press: ? - help, Dir - move target cursor A rock wall.
You feel a surge of power! The quokka bites you.
* * * LOW HITPOINT WARNING * * *
You begin to meditate on the wall.
You continue meditating on the rock.
The quokka bites you.
* * * LOW HITPOINT WARNING * * *
You continue meditating on the rock.
The quokka bites you.
You die...

#.........# # ## ###
#####.##### ## # #. ..# #.#
##. #.#.##.# #.## ##..
#.#..#.# #..## ##...
##.>....##########...####....
+.......................+....
###....########.#...####....
#..#.# #@........# ##...
#....# #r###.###.######..
##.#### #o# #.###......##.
#....# #o# #......###..##
####.# #o###..##### ##.## #.#
#.....##..©.. #..# ... #.#
###.o##....#..##.# ... #.#
#o.#5..#..5#.#.. . #..# #.#
#..##W.##5#$ #..


You could see 3 orcs and a quokka.

Vanquished Creatures
  An adder (D:2)
  A dart slug (D:1)
  3 leopard geckos
  2 orcs (D:3)
  A ball python (D:2)
  7 bats
  2 giant cockroaches
  5 goblins
  10 hobgoblins
  2 frilled lizards (D:1)
  8 kobolds
  4 rats
46 creatures vanquished.

Vanquished Creatures (others)
  A bat (D:3)
1 creature vanquished.

Grand Total: 47 creatures vanquished

Notes
Turn   | Place    | Note
-------+----------+-------------------------------------------
     0 | D:1      | Lugonue the Ghoul Earth Elementalist began the quest for
                  | the Orb.
     0 | D:1      | Reached XP level 1. HP: 14/14 MP: 2/2
   146 | D:1      | Reached XP level 2. HP: 18/20 MP: 3/3
   223 | D:1      | Learned a level 2 spell: Passwall
   392 | D:1      | Reached skill level 1 in Unarmed Combat
   395 | D:1      | Reached XP level 3. HP: 16/26 MP: 2/5
   738 | D:2      | Found a bloodstained altar of Trog.
   901 | D:2      | Reached skill level 4 in Earth Magic
   938 | D:2      | Found a sacrificial altar of Ru.
  1330 | D:3      | Found a transporter.
  1338 | D:3      | Noticed Flugslaktarn's ghost (weakling MiFi)
  1364 | D:3      | Found a transporter.
  1605 | D:3      | Reached XP level 4. HP: 25/34 MP: 6/6
  1610 | D:3      | Found a faded altar of an unknown god.
  1623 | D:3      | Became a worshipper of Jiyva Joatrudd the Shapeless
  1623 | D:3      | Reached * piety under Jiyva
  1727 | D:3      | Found a radiant altar of Vehumet.
  1727 | D:3      | Found a shimmering altar of Xom.
  1775 | D:3      | Slain by a quokka

Levels and vault maps discovered:
D:1:      dpeg_arrival_shrine, layout_rooms, minmay_misc_feat_diagonals,
          minmay_misc_feat_nine_boxes, hex_medium
D:2:      layout_loops_ring, overflow_temple_1_default,
          trog_three_pillars_becter
D:3:      layout_loops_corners, grunt_temple_overflow_open,
          gammafunk_ghost_stat_death, chequers_ecumenical_altar_simple_redux,
          guppyfry_early_lair_pool

Skill      XL: |  1  2  3 |
---------------+----------+-----
Spellcasting   | 2 |  2.2
Unarmed Combat | 1 |  1.6
Dodging        | 2 |  2.0
Earth Magic    | 4 |  4.0
Fighting       | |  0.6
Stealth        | |  2.4
Transmutations | |  0.8
Evocations     | |  0.2

Action                   |  1- 3 |  4- 6 || total
-------------------------+-------+-------++-------
Melee: Unarmed           |   127 |    22 ||   149
       Punch             |     1 |       ||     1
Throw: Stone             |     1 |       ||     1
 Cast: Sandblast         |    20 |       ||    20
       Passwall          |       |     2 ||     2
  Use: Potion            |       |     3 ||     3
 Stab: Sleeping          |     2 |     2 ||     4
       Distracted        |       |     1 ||     1
  Eat: Chunk             |    13 |     1 ||    14
Armor: Robe              |    29 |     4 ||    33
Dodge: Dodged            |   102 |    19 ||   121

Table legend:
 A = Non-vault XP
 B = Vault XP
 C = Vault XP percentage of total XP
 D = Non-vault monster count
 E = Vault monster count
 F = Vault count percentage of total count
                 A         B        C        D         E       F
            +---------+---------+-------+---------+---------+-------
      Total |      92 |       0 |   0.0 |      46 |       0 |   0.0
            +---------+---------+-------+---------+---------+-------
        D:1 |      37 |       0 |   0.0 |      23 |       0 |   0.0
        D:2 |      31 |       0 |   0.0 |      11 |       0 |   0.0
        D:3 |      24 |       0 |   0.0 |      12 |       0 |   0.0
            +---------+---------+-------+---------+---------+-------
